 Dungeon Crawl Stone Soup version 0.17.2 (webtiles) character file.

95 Goblin1989 the Covert (level 4, -1/22 HPs)
             Began as a Spriggan Assassin on May 28, 2016.
             Slain by an orc
             ... wielding a +0 hand axe
              (4 damage)
             ... on level 4 of the Dungeon on May 29, 2016.
             The game lasted 00:06:54 (3023 turns).

Goblin1989 the Covert (Spriggan Assassin)           Turns: 3023, Time: 00:06:54

Health: -1/22      AC:  3    Str:  7    XL:     4   Next: 39%
Magic:  5/5        EV: 17    Int: 12    God:
Gold:   89         SH:  0    Dex: 18    Spells: 0 memorised, 3 levels left

rFire  . . .     SeeInvis +     a - +2 dagger
rCold  . . .     Clarity  .     c - +0 robe
rNeg   . . .     SustAt   .     (shield restricted)
rPois  .         Gourm    .     (helmet restricted)
rElec  .         Spirit   .     d - +0 cloak
rCorr  .         Warding  .     (gloves unavailable)
rMut   .         Stasis   .     (boots unavailable)
MR     .....                    (no amulet)
Stlth  +++++.....               (no ring)
                                (no ring)

@: very quick, not resistant to hostile enchantments, quite stealthy
A: unfitting armour, see invisible, herbivore 3, speed 3, slow metabolism 2
a: no special abilities


You were on level 4 of the Dungeon.
You were not hungry.

You visited 1 branch of the dungeon, and saw 4 of its levels.

You collected 89 gold pieces.

Inventory:

Hand Weapons
 a - a +2 dagger (weapon)
 b - a +0 blowgun
Missiles
 e - 53 poisoned needles
 f - 2 curare-tipped needles
Armour
 c - a +0 robe (worn)
 d - a +0 cloak (worn)
Scrolls
 h - a scroll of identify
 k - a scroll of fear {unknown}
 l - 3 scrolls of fog
Potions
 i - a potion of flight
 j - a potion of cancellation
 m - a potion of heal wounds {unknown}
Comestibles
 g - 2 bread rations


   Skills:
 - Level 1.5 Fighting
 * Level 3.1 Short Blades
 - Level 2.0 Throwing
 + Level 1.9 Dodging
 + Level 8.2 Stealth


You had 3 spell levels left.
You didn't know any spells.

Dungeon Overview and Level Annotations

Branches:
Dungeon (4/15)
 Temple: D:4-7

Altars:
Zin

Annotations:
D:3 Goblin1989's ghost, amateur VSAs


Innate Abilities, Weirdness & Mutations

You are tiny and cannot use many weapons and most armour.
You have supernaturally acute eyesight.
You are a herbivore.
You cover ground extremely quickly.
You need consume almost no food.


Message History

Saving game... please wait.
You hear the sound of rushing water.
There is an entrance to a sewer on this level.
Hurry and find it before the portal rusts away!
Welcome back, Goblin1989 the Spriggan Assassin.
An orc is nearby!
You closely miss the orc. The orc closely misses you.
You hit the orc. The orc closely misses you.
You hit the orc wizard. You closely miss the orc wizard.
The orc hits you but does no damage. The orc wizard hits you with a dagger.
You hit the orc wizard but do no damage.
The orc barely misses you. The orc wizard barely misses you.
You hit the orc wizard. The orc misses you.
You hit the orc wizard but do no damage.
The orc wizard misses you.
You hit the orc wizard. The orc wizard hits you with a dagger.
* * * LOW HITPOINT WARNING * * *
The orc hits you with a hand axe.
You die...

###### . .#.# #....# .. o..#
####.##.# ... ...#
#....##.#####... . ##o.#
#.##..........#+ ...
'..####.##.##.#.......
....###..##o...#......(##.##
......)..##@####.#.##.....#.
.....o...##o####.#....######
######.#o..o##......### #..
...#######......# ###.# #.##
#......####(..# #.
#.........#....# #
........#.#..#.#
#####.#.#.####.#
...#.#.#....#


You could see an orc wizard and 2 orcs.

Vanquished Creatures
  4 adders (D:2)
  An ooze (D:3)
  4 worms (D:2)
  A giant gecko (D:2)
  An orc (D:4)
  A giant cockroach (D:1)
  3 goblins
  6 hobgoblins
  5 bats
  3 giant newts
  10 kobolds
  4 rats
43 creatures vanquished.

Notes
Turn   | Place    | Note
--------------------------------------------------------------
     0 | D:1      | Goblin1989 the Spriggan Assassin began the quest for the Orb.
     0 | D:1      | Reached XP level 1. HP: 10/10 MP: 2/2
    94 | D:1      | Reached skill level 6 in Stealth
   189 | D:1      | Reached XP level 2. HP: 12/14 MP: 3/3
  1029 | D:2      | Reached skill level 7 in Stealth
  1159 | D:2      | Reached XP level 3. HP: 5/18 MP: 4/4
  1545 | D:2      | Found a glowing silver altar of Zin.
  1659 | D:2      | Reached skill level 8 in Stealth
  1659 | D:2      | Reached XP level 4. HP: 8/22 MP: 5/5
  2252 | D:3      | Noticed Goblin1989's ghost (amateur VSAs)
  3023 | D:4      | Slain by an orc

Action                   |  1- 3 |  4- 6 || total
-------------------------+-------+-------++-------
Melee: Dagger            |    66 |    50 ||   116
 Fire: Blowgun           |    19 |     9 ||    28
  Use: Scroll            |       |     4 ||     4
 Stab: Sleeping          |     7 |     4 ||    11
       Distracted        |     2 |       ||     2
